 Dungeon Crawl Stone Soup version 0.29-a0-284-gf9362112df (webtiles) character file.

Game seed: 2392851841305367888

26554 sammy202020 the Severer (level 12, -1/123 HPs)
             Began as a Minotaur Berserker on Mar 26, 2022.
             Was a High Priest of Trog.
             Slain by an eight-headed hydra (8 damage)
             ... on level 12 of the Dungeon.
             The game lasted 00:21:25 (12113 turns).

sammy202020 the Severer (Minotaur Berserker)       Turns: 12113, Time: 00:21:25

Health: -1/123     AC: 18    Str: 22    XL:     12   Next: 99%
Magic:  3/3        EV: 12    Int: 12    God:    Trog [*****.]
Gold:   943        SH:  0    Dex:  9    Spells: 11/11 levels left

rFire   . . .      SeeInvis .   C - +8 mace of Understanding {antimagic, rElec rPois Int-2 Dex-2}
rCold   + . .      Faith    .   (no shield)
rNeg    . . .      Spirit   .   F - +0 swamp dragon scales
rPois   +          Reflect  .   s - +2 hat
rElec   +          Harm     .   a - +0 cloak
rCorr   .          Rampage  +   v - +0 pair of gloves
Will    .....                   R - +1 pair of boots {rampage}
Stlth   ..........              w - amulet of regeneration
HPRegen 1.10/turn               y - ring of protection from cold
MPRegen 0.08/turn               A - +6 ring of intelligence

@: mighty, hasted, very quick
A: horns 2, retaliatory headbutt
a: Renounce Religion, Berserk, Trog's Hand, Brothers in Arms


You were on level 12 of the Dungeon.
You worshipped Trog.
Trog was extremely pleased with you.
You visited 1 branch of the dungeon, and saw 12 of its levels.
You also visited: Sewer.

You collected 943 gold pieces.

Inventory:

Hand Weapons
 j - a +1 battleaxe
 l - the +2 mace "Vivvuab" {speed, Str+5 Dex+3}
   (You found it on level 7 of the Dungeon)

   Attacks with this weapon are significantly faster.
   Str:       It affects your strength (+5).
   Dex:       It affects your dexterity (+3).
 x - a +1 war axe
 C - the +8 mace of Understanding (weapon) {antimagic, rElec rPois Int-2 Dex-2}
   (You found it on level 7 of the Dungeon)

   It reduces the magical energy of the wielder, and disrupts the spells and
   magical abilities of those it strikes.
   Natural abilities and divine invocations are not affected.
   Int:       It affects your intelligence (-2).
   Dex:       It affects your dexterity (-2).
   rElec:     It insulates you from electricity.
   rPois:     It protects you from poison.
Missiles
 c - 8 javelins (quivered)
 d - 64 poisoned darts
 m - 6 atropa-tipped darts
 r - 2 curare-tipped darts
 H - 2 throwing nets
 K - 5 boomerangs of dispersal
 O - 3 boomerangs
Armour
 a - a +0 cloak (worn)
 g - a +0 plate armour
 k - a +3 leather armour of fire resistance
 q - +0 fire dragon scales
 s - a +2 hat (worn)
 v - a +0 pair of gloves (worn)
 F - +0 swamp dragon scales (worn)
 L - a scarf of repulsion
 Q - a +3 chain mail
 R - a +1 pair of boots of rampaging (worn)
Jewellery
 w - an amulet of regeneration (around neck)
 y - a ring of protection from cold (left hand)
 A - a +6 ring of intelligence (right hand)
 I - a +6 ring of intelligence
Wands
 b - a wand of polymorph (8)
 e - a wand of flame (26)
 n - a wand of acid (9)
 o - a wand of charming (3)
 D - a wand of paralysis (9)
Scrolls
 i - 2 scrolls of summoning
 p - 5 scrolls of teleportation
 J - 2 scrolls of identify
 M - a scroll of enchant weapon
 P - a scroll of fear
Potions
 f - 2 potions of magic
 h - 5 potions of heal wounds
 t - 2 potions of haste
 z - 4 potions of curing
 B - 2 potions of invisibility
 E - a potion of mutation {unknown}
 G - 2 potions of flight {unknown}
Miscellaneous
 N - a piece from Xom's chessboard (15/15)


   Skills:
 * Level 16.3 Fighting
 * Level 16.3 Axes
 * Level 12.7 Armour
 + Level 5.7 Dodging


You had 11 spell levels left.
You didn't know any spells.
Your spell library was empty.

Dungeon Overview and Level Annotations

Branches:
Dungeon (12/15)            Temple (0/1) D:6            Lair (0/6) D:9
    Orc (0/2) D:11          Sewer (visited)

Altars:
Elyvilon
Gozag
Sif Muna
Trog
Wu Jian

Portals:
Trove: D:11 (give 2 scrolls of acquirement)

Annotations:
D:10 2 transporters, bearlyready's ghost, novice DEFE


Innate Abilities, Weirdness & Mutations

You have a pair of horns on your head.
You reflexively headbutt those who attack you in melee.


Message History

* * * LOW HITPOINT WARNING * * *
The eight-headed hydra misses you. The eight-headed hydra bites you!
* * * LOW HITPOINT WARNING * * *
The eight-headed hydra bites you!
* * * LOW HITPOINT WARNING * * *
The eight-headed hydra bites you but does no damage.
The eight-headed hydra misses you.
The eight-headed hydra bites you but does no damage.
The acid dragon barely misses you. You furiously retaliate!
You headbutt the acid dragon!
The acid dragon claws you but does no damage.
You feel much better.
You sock the eight-headed hydra!
The eight-headed hydra is severely wounded.
The acid dragon misses you. You furiously retaliate!
You headbutt the acid dragon. The acid dragon closely misses you.
The eight-headed hydra bites you but does no damage. x3
The eight-headed hydra closely misses you.
The eight-headed hydra bites you but does no damage. x2
The eight-headed hydra bites you!
* * * LOW HITPOINT WARNING * * *
The eight-headed hydra closely misses you.
You barely miss the eight-headed hydra.
Your headbutt misses the eight-headed hydra.
The eight-headed hydra is severely wounded.
The brown ugly thing punches you!
* * * LOW HITPOINT WARNING * * *
You are splashed with acid!
* * * LOW HITPOINT WARNING * * *
You feel much better. The eight-headed hydra misses you.
You furiously retaliate!
You headbutt the eight-headed hydra.
The eight-headed hydra barely misses you.
The eight-headed hydra bites you!
* * * LOW HITPOINT WARNING * * *
The eight-headed hydra barely misses you.
The eight-headed hydra bites you but does no damage.
The eight-headed hydra bites you!
* * * LOW HITPOINT WARNING * * *
The eight-headed hydra bites you!
You die...

.....##....##..
...............
...............
#................$...
#......>...........
#................#
#...........uDD..####
#.......)....@D......
#..........##....##..
#.:........##....#
#^...............#
#.......)........#
#.......)).$.....#
##....##.........#
#.... #.........+
#..... #...##.##.#


You could see an eight-headed hydra, a five-headed hydra, a brown ugly thing and
an acid dragon.

Vanquished Creatures
  3 boulder beetles
  A hydra (D:11)
  12 two-headed ogres
  Lodul (D:11)
  Pikel (D:6)
  An ugly thing (D:12)
  Maggie (D:8)
  A gargoyle (D:10)
  A meliai (D:9)
  Grinder (D:6)
  5 trolls
  3 hornets
  Prince Ribbit (D:7)
  Sigmund (D:6)
  2 wraiths
  2 shadows
  22 yaks
  A basilisk (D:11)
  A warg (D:11)
  Menkaure (D:6)
  An acid dragon (D:9)
  6 orc warriors
  3 sky beasts
  2 ice beasts
  3 black bears
  2 ogres
  2 centaurs
  A phantom (D:5)
  7 kobold brigands
  6 bullfrogs
  2 necrophages (D:6)
  2 gnoll sergeants
  2 scorpions (D:5)
  14 wights
  4 killer bees (D:10)
  6 howler monkeys
  4 hounds
  2 jellies (D:6)
  Crazy Yiuf (D:7)
  4 orc priests
  2 gnoll shamans
  Jessica (D:2)
  6 iguanas
  8 orc wizards
  17 gnolls
  14 adders
  4 river rats
  A shadow imp (D:6)
  2 ufetubi
  4 worms
  3 dart slugs
  36 orcs
  7 endoplasms
  2 giant cockroaches (D:1)
  3 goblins
  7 hobgoblins
  6 jackals
  6 quokkas
  6 ball pythons
  A bat (D:1)
  2 frilled lizards
  16 kobolds
  2 rats
292 creatures vanquished.

Vanquished Creatures (others)
  2 plants (D:4)
2 creatures vanquished.

Grand Total: 294 creatures vanquished

Notes
Turn   | Place    | Note
-------+----------+-------------------------------------------
     0 | D:1      | sammy202020 the Minotaur Berserker began the quest for the
                  | Orb.
     0 | D:1      | Reached XP level 1. HP: 19/19 MP: 0/0
    12 | D:1      | Found a faded altar of an unknown god.
   563 | D:1      | Reached XP level 2. HP: 27/27 MP: 1/1
  1392 | D:2      | Reached XP level 3. HP: 25/33 MP: 2/2
  1406 | D:2      | Noticed Jessica
  1411 | D:2      | Killed Jessica
  1416 | D:2      | Reached XP level 4. HP: 14/41 MP: 3/3
  1734 | D:2      | Found an opulent altar of Gozag.
  1759 | D:2      | You fall into a shaft and drop 1 floor!
  1838 | D:3      | Reached ** piety under Trog
  2548 | D:4      | Reached skill level 5 in Fighting
  2548 | D:4      | Reached skill level 5 in Axes
  2548 | D:4      | Reached XP level 5. HP: 46/48 MP: 4/4
  2587 | D:4      | Noticed a black bear
  2610 | D:4      | Killed a black bear
  2611 | D:4      | Reached XP level 6. HP: 34/56 MP: 5/5
  3237 | D:5      | Entered Level 5 of the Dungeon
  3276 | D:5      | Identified the +12 long sword "Rekeabet" {protect, rElec
                  | Str+2}
  3341 | D:5      | Found a glowing drain.
  3345 | Sewer    | Entered a sewer
  3739 | Sewer    | Reached XP level 7. HP: 60/64 MP: 6/6
  3905 | Sewer    | Reached *** piety under Trog
  4385 | Sewer    | Reached skill level 5 in Armour
  4852 | D:5      | Reached XP level 8. HP: 68/73 MP: 7/7
  5830 | D:6      | Noticed Sigmund
  5837 | D:6      | Killed Sigmund
  6154 | D:6      | Noticed Menkaure
  6162 | D:6      | Killed Menkaure
  6253 | D:6      | Reached XP level 9. HP: 78/84 MP: 8/8
  6341 | D:6      | Noticed Grinder
  6344 | D:6      | Paralysed by Grinder for 6 turns
  6369 | D:6      | Paralysed by Grinder for 6 turns
  6376 | D:6      | Killed Grinder
  6872 | D:6      | Reached skill level 10 in Fighting
  6872 | D:6      | Reached skill level 10 in Axes
  7010 | D:6      | Found a staircase to the Ecumenical Temple.
  7111 | D:6      | Noticed Pikel
  7121 | D:6      | Killed Pikel
  7703 | D:7      | Reached **** piety under Trog
  7807 | D:7      | Reached XP level 10. HP: 101/101 MP: 9/9
  7986 | D:7      | Identified the +8 mace of Understanding {antimagic, rElec
                  | rPois Int-2 Dex-2}
  7994 | D:7      | Found a runed translucent door.
  7994 | D:7      | Noticed Prince Ribbit
  7994 | D:7      | Noticed Crazy Yiuf
  8005 | D:7      | Killed Crazy Yiuf
  8009 | D:7      | Killed Prince Ribbit
  8016 | D:7      | Identified the +2 mace "Vivvuab" {speed, Str+5 Dex+3}
  8613 | D:8      | Reached XP level 11. HP: 107/107 MP: 10/10
  8692 | D:8      | Noticed Maggie
  8695 | D:8      | Paralysed by Maggie for 4 turns
  8710 | D:8      | Paralysed by Maggie for 6 turns
  8717 | D:8      | Killed Maggie
  9114 | D:8      | Reached skill level 10 in Armour
  9355 | D:9      | Reached ***** piety under Trog
  9437 | D:9      | Found a staircase to the Lair.
  9641 | D:9      | Identified the -3 helmet "Hero's Friend" {rC++}
  9828 | D:9      | Noticed a two-headed ogre
  9832 | D:9      | Noticed a two-headed ogre
  9882 | D:9      | Killed a two-headed ogre
  9895 | D:9      | Killed a two-headed ogre
 10169 | D:10     | Entered Level 10 of the Dungeon
 10244 | D:10     | Reached skill level 15 in Axes
 10282 | D:10     | Reached skill level 15 in Fighting
 10334 | D:10     | Found a transporter.
 10335 | D:10     | Noticed a two-headed ogre
 10339 | D:10     | Found a transporter.
 10407 | D:10     | Noticed a two-headed ogre
 10411 | D:10     | Noticed a tengu warrior
 10468 | D:10     | Reached XP level 12. HP: 119/119 MP: 11/11
 10622 | D:10     | Found a bloodstained altar of Trog.
 10629 | D:10     | Noticed bearlyready's ghost (novice DEFE)
 10680 | D:10     | Found a faded altar of an unknown god.
 10680 | D:10     | Found a shimmering blue altar of Sif Muna.
 10687 | D:10     | Found an ornate altar of the Wu Jian Council.
 10689 | D:10     | Found a white marble altar of Elyvilon.
 10691 | D:10     | Found a faded altar of an unknown god.
 11079 | D:11     | Noticed a two-headed ogre
 11083 | D:11     | Killed a two-headed ogre
 11133 | D:11     | Found a portal to a secret trove of treasure.
 11261 | D:11     | Noticed a seven-headed hydra
 11275 | D:11     | Killed a seven-headed hydra
 11554 | D:11     | Noticed a two-headed ogre
 11560 | D:11     | Killed a two-headed ogre
 11585 | D:11     | Found a transporter.
 11587 | D:11     | Found a transporter.
 11588 | D:11     | Noticed a boulder beetle
 11595 | D:11     | Noticed a boulder beetle
 11633 | D:11     | Killed a boulder beetle
 11652 | D:11     | Killed a boulder beetle
 11705 | D:11     | Noticed a two-headed ogre
 11713 | D:11     | Noticed a two-headed ogre
 11714 | D:11     | Noticed a two-headed ogre
 11719 | D:11     | Killed a two-headed ogre
 11723 | D:11     | Killed a two-headed ogre
 11725 | D:11     | Noticed a two-headed ogre
 11727 | D:11     | Reached skill level 5 in Dodging
 11728 | D:11     | Killed a two-headed ogre
 11728 | D:11     | Noticed Lodul
 11731 | D:11     | Found a staircase to the Orcish Mines.
 11731 | D:11     | Noticed a two-headed ogre
 11736 | D:11     | Killed a two-headed ogre
 11738 | D:11     | Killed Lodul
 11739 | D:11     | Noticed a two-headed ogre
 11740 | D:11     | Killed a two-headed ogre
 11741 | D:11     | Noticed a two-headed ogre
 11745 | D:11     | Killed a two-headed ogre
 11746 | D:11     | Killed a two-headed ogre
 12041 | D:12     | Noticed a boulder beetle
 12041 | D:12     | Noticed a two-headed ogre
 12051 | D:12     | Killed a boulder beetle
 12053 | D:12     | Killed a two-headed ogre
 12102 | D:12     | Noticed an eight-headed hydra
 12105 | D:12     | Noticed a five-headed hydra
 12113 | D:12     | Slain by an eight-headed hydra

Illustrated notes

Levels and vault maps discovered:
D:1:      nicolae_arrival_memento_mori, layout_loops_corners,
          basic_ecumenical_altar
D:2:      layout_basic, basic_altar, uniq_jessica
D:3:      layout_basic
D:4:      layout_basic, serial_forest, infiniplex_forest_lined_3_way,
          infiniplex_forest_clump_curved, infiniplex_forest_lined_room_,
          infiniplex_forest_straight_2, infiniplex_forest_clump_medium,
          infiniplex_forest_clump_cross
D:5:      layout_basic, gup_sewer_entry_bowl, kennysheep_generic_room_5
D:6:      layout_loops_ring, minmay_temple_entry_enclosed_plants, uniq_sigmund,
          uniq_menkaure, uniq_grinder, uniq_pikel
D:7:      layout_rooms, grunt_decor_fettered, uniq_crazy_yiuf_cottage,
          uniq_prince_ribbit1
D:8:      layout_basic, kennysheep_generic_room_11, uniq_maggie
D:9:      layout_small_grid, lair_entry_dummy, serial_bayou_pond_e,
          minmay_joined_circles
D:10:     layout_rooms, chequers_temple_overflow_minitemple,
          gammafunk_ghost_wrathful_warriors
D:11:     gammafunk_boulding_lane, layout_irregular_city, david_orc_3,
          enter_trove_1, uniq_lodul
D:12:     dreamdust_isle_of_ice, layout_gridville, portal_ice_cave_demonic_guard

Skill      XL: |  1  2  3  4  5  6  7  8  9 10 11 12 |
---------------+-------------------------------------+-----
Axes           | 4 5 6 7 9 13 15 16 | 16.3
Fighting       | 4 5 6 7 9 13 15 16 | 16.3
Armour         | 3 4 5 6 9 11 12 | 12.7
Dodging        | 3 5 |  5.7

Action                   |  1- 3 |  4- 6 |  7- 9 | 10-12 || total
-------------------------+-------+-------+-------+-------++-------
Melee: Hand axe          |    57 |    17 |       |       ||    74
       Headbutt          |     8 |     8 |    39 |   111 ||   166
       Punch             |     1 |     2 |     5 |     4 ||    12
       War axe           |       |    91 |   255 |   360 ||   706
       Battleaxe         |       |       |     9 |    96 ||   105
       Mace              |       |       |       |    10 ||    10
Invok: Berserk           |     1 |     1 |     2 |     5 ||     9
       Trog's Hand       |       |     1 |     1 |     5 ||     7
  Use: Scroll            |       |     5 |     7 |     6 ||    18
       Potion            |       |       |     1 |     7 ||     8
Armor: Animal skin       |     9 |       |       |       ||     9
       Leather armour    |       |    40 |    63 |       ||   103
       Ring mail         |       |     2 |       |       ||     2
       Plate armour      |       |       |    59 |    21 ||    80
       Swamp dragon scal |       |       |       |   222 ||   222
Dodge: Dodged            |    41 |    79 |   122 |   258 ||   500

Table legend: (Time is in decaauts)
 A = Elapsed time spent in this place.
 B = Non-inter-level travel time spent in this place.
 C = Inter-level travel time spent in this place.
 D = Time resting spent in this place.
 E = Time spent auto-exploring this place.
 F = Levels seen in this place.
 G = Mean time per level.
                   A        B        C        D        E       F      G
               +--------+--------+--------+--------+--------+-----+--------+
         Total |  12299 |  12172 |    127 |    950 |   8781 |  13 |  946.1 |
       Dungeon |  11055 |  10928 |    127 |    950 |   7789 |  12 |  921.2 |
         Sewer |   1243 |   1243 |      0 |      0 |    991 |   1 | 1243.0 |
               +--------+--------+--------+--------+--------+-----+--------+

Top non-repeatable levels by time:
     D:6: 1846 daAuts
     D:5: 1514 daAuts
     D:1: 1377 daAuts
   Sewer: 1243 daAuts
    D:11: 1181 daAuts
     D:8: 981 daAuts
     D:9: 843 daAuts
     D:4: 759 daAuts
     D:3: 730 daAuts
     D:7: 682 daAuts
    D:10: 666 daAuts
     D:2: 405 daAuts
    D:12: 66 daAuts
